 Dungeon Crawl Stone Soup version 0.17-a0-1435-geafbe2f (webtiles) character file.

216 Fizybubbleh the Grave Robber (level 5, -15/35 HPs)
             Began as a Mummy Necromancer on June 26, 2015.
             Demolished by a crimson imp
             ... wielding a +1 dagger of chaos
              (20 damage)
             ... on level 4 of the Dungeon.
             The game lasted 00:09:45 (2797 turns).

Fizybubbleh the Grave Robber (Mummy Necromancer)    Turns: 2797, Time: 00:09:45

Health: -15/35     AC:  2    Str: 12    XL:     5   Next: 61%
Magic:  7/8        EV: 12    Int: 15    God:
Gold:   108        SH:  0    Dex: 16    Spells: 2 memorised, 4 levels left

rFire  x . .     SeeInvis .     f - +1 hand axe
rCold  + . .     Clarity  .     a - +0 robe
rNeg   + + +     SustAt   .     (no shield)
rPois  ∞         Gourm    .     (no helmet)
rElec  .         Spirit   .     (no cloak)
rCorr  .         Warding  .     (no gloves)
rMut   .         Stasis   +     (no boots)
MR     .....                    l - amulet of stasis
Stlth  ++........               m - +4 ring of dexterity
                                h - ring of invisibility

@: not resistant to hostile enchantments, unstealthy
A: no food or potions, fire vulnerability, cold resistance 1, negative energy
resistance 3, torment resistance, unbreathing
a: Evoke Invisibility


You were on level 4 of the Dungeon.
You were not hungry.

You visited 1 branch of the dungeon, and saw 4 of its levels.
You also visited: Sewer.

You collected 108 gold pieces.

Inventory:

Hand weapons
 f - a +1 hand axe (weapon)
Armour
 a - a +0 robe (worn)
 g - a +0 leather armour
Jewellery
 h - a ring of invisibility (left hand)
 l - an amulet of stasis (around neck)
 m - a +4 ring of dexterity (right hand)
Scrolls
 i - a scroll of remove curse
Books
 b - a book of Necromancy

   Spells                             Type                      Level
   a - Pain                           Necromancy                   1
   b - Animate Skeleton               Necromancy                   1
   c - Vampiric Draining              Necromancy                   3
   d - Regeneration                   Charms/Necromancy            3
   e - Animate Dead                   Necromancy                   4
   f - Control Undead                 Necromancy                   4


   Skills:
 - Level 1.5 Dodging
 - Level 1.5 Stealth
 - Level 2.0 Spellcasting
 + Level 7.0 Necromancy


You had 4 spell levels left.
You knew the following spells:

 Your Spells              Type           Power        Failure   Level  Hunger
a - Pain                  Necr           ###.         1%          1    N/A
b - Vampiric Draining     Necr           ###.......   3%          3    N/A

Dungeon Overview and Level Annotations

Branches:
Dungeon (4/15)
 Temple: D:4-7

Altars:


Innate Abilities, Weirdness & Mutations

You do not eat or drink.
Your flesh is vulnerable to fire.
You are immune to poison.
Your flesh is cold resistant.
You are immune to negative energy.
You are immune to unholy pain and torment.
You can survive without breathing.


Message History

Your Necromancy skill increases to level 7!
You now have 6/8 mp.
The crimson imp blinks!
The goblin shoots a stone.
The stone hits you!
There is a stone staircase leading down here.
You see here a stone.
You take 7 damage, and have 11/35 hp.
The crimson imp hits you with a dagger of chaos.
* * * LOW HITPOINT WARNING * * *
You convulse.
* * * LOW HITPOINT WARNING * * *
You climb downwards.
There is a stone staircase leading up here.
You take 7 damage, and have 4/35 hp.
You closely miss the crimson imp. The crimson imp closely misses you.
The crimson imp barely misses you.
You barely miss the crimson imp.
The crimson imp hits you but does no damage.
Space warps horribly around you!
Ouch! That really hurt!
You die...

.## ....
.....
#...######.##
#....@.......
#.###5.......
.........
##........
#........
#........
#........
.........


You could see a crimson imp.

Vanquished Creatures
  A big kobold (Sewer)
  Jessica (D:3)
  5 river rats
  2 adders (D:2)
  A giant gecko (D:3)
  5 giant cockroaches
  7 goblins
  9 hobgoblins
  11 kobolds
  A ball python (D:3)
  6 bats
  3 giant newts (D:1)
  7 rats
59 creatures vanquished.

Notes
Turn   | Place    | Note
--------------------------------------------------------------
     0 | D:1      | Fizybubbleh the Mummy Necromancer began the quest for the Orb.
     0 | D:1      | Reached XP level 1. HP: 13/13 MP: 3/3
   193 | D:1      | Reached XP level 2. HP: 19/19 MP: 1/5
   943 | D:2      | Reached skill level 5 in Necromancy
   950 | D:2      | Reached XP level 3. HP: 24/24 MP: 0/6
  1103 | D:2      | Learned a level 3 spell: Vampiric Draining
  1834 | D:3      | Reached XP level 4. HP: 25/30 MP: 1/7
  1884 | D:3      | Found a glowing drain.
  1966 | Sewer    | Entered a sewer
  1977 | Sewer    | Reached skill level 6 in Necromancy
  2270 | Sewer    | Noticed a big kobold
  2305 | Sewer    | Killed a big kobold
  2305 | Sewer    | Reached XP level 5. HP: 4/35 MP: 0/8
  2653 | Sewer    | Found a white marble altar of Elyvilon.
  2765 | D:3      | Noticed Jessica
  2772 | D:3      | Killed Jessica
  2790 | D:3      | Reached skill level 7 in Necromancy
  2797 | D:4      | Demolished by a crimson imp

Vault maps used:
D:1:      minmay_arrival_radiant_lines, corexii_corridor_pit
D:3:      grunt_temple_overflow_champion_of_chaos, portal_sewer_entry_e,
          uniq_natasha, uniq_robin, uniq_jessica
D:4:      minmay_misc_feat_ornament, nicolae_tso_besieged_by_evil,
          uniq_blork_the_orc
Sewer:    sewer_kobolds

Action                   |  1- 3 |  4- 6 || total
-------------------------+-------+-------++-------
Melee: Hand axe          |    13 |    19 ||    32
 Cast: Pain              |    73 |    37 ||   110
  Use: Scroll            |     6 |       ||     6
